← All builds
Front / Armada / Economy first / OBSERVED BUILD

Standard front

Standard economy-first Front play: Bot Lab and Vehicle Plant almost immediately, Advanced Metal Extractor around 9 minutes, with a mixed T1 army of Blitz, Rocketeer, Pawn and Janus sent to hold the wider gap and then middle.

#eco · 935 distinct matches · 127 players · 75% of Armada Front games · team won 63% of 1063 · Recently observed

HOW TO PLAY IT

Key timing: Vehicle Plant by 0:47

  1. Open 3 mex then Bot Lab and Vehicle Plant almost together.
  2. Layer wind while both labs start producing.
  3. Send early units to coast first to stop leaks, not middle.
  4. Add Construction Turrets as "Blitz", "Rocketeer", "Janus" mix builds up.
  5. Transition into Advanced Metal Extractor once T2 con is out.

Phase by phase

TYPICAL OF ITS 935 GAMES
  1. 1
  2. 2
  3. 3
PLAY THE OPENING

Follow the example game's first 6:00 step by step: what to build now, what comes next, and where it goes. At 1× it keeps pace with your own game.

  1. 1

    Up to the Bot Lab

    Economy
    • Metal Extractor2Mex
    • Wind Turbine1Wind
    Order
    1. Bot LabBot Lab after 3 mex, 1 winddone ~0:45, middle half 0:35–8:30

    Some games also: Vehicle Plant (41%)

    By 0:28 in all: 2 mex · 1 wind

    The example game in this phase · 55 steps
    1. Mex ×2
    2. Wind
    3. Vehicle PlantVehicle Plantdone 0:42 · typical 0:47
    4. RoverScout
    5. Wind
    6. RoverScout
    7. Mex
    8. BlitzBlitz ×2
    9. Construction VehicleCon vehicle ×2
    10. JanusJanus
    11. ShellshockerArty ×2
    12. Mex
    13. ShellshockerArty
    14. Mex
    15. SentrySentry
    16. JanusJanus
    17. Mex
    18. SentrySentry ×2
    19. StoutStout
    20. Construction VehicleCon vehicle
    21. SentrySentry
    22. Windfor Geo
    23. SentrySentry
    24. BlitzBlitz ×2
    25. SentrySentry
    26. Windfor Geo
    27. BlitzBlitz
    28. SentrySentry
    29. BlitzBlitz
    30. Dragon's TeethDragon's Teeth ×2
    31. BlitzBlitz
    32. Dragon's TeethDragon's Teeth ×2
    33. Windfor Geo
    34. ShellshockerArty
    35. SentrySentry
    36. ShellshockerArty
    37. Windfor Geo
    38. ShellshockerArty ×2
    39. Con turret
    40. ShellshockerArty
    41. Windfor Geo
    42. SentrySentry
    43. Wind ×2for Geo
    44. JanusJanus
    45. SentrySentry
    46. Construction VehicleCon vehicle
    47. Wind
    48. BlitzBlitz
    49. Wind
    50. BlitzBlitz ×2
    51. Wind
    52. BlitzBlitz
    53. Wind
    54. Con turret
    55. Bot LabBot Labnot finished by 15:00 · typical 0:45
  2. 2

    Bot Lab to 5:00

    Economy
    • Metal Extractor4Mex
    • Wind Turbine3Wind
    Army
    • Sentry1 Sentry

    Some games also: rocketeer (46%) · con bot (45%) · Lazarus (44%) · tick (40%) · centurion (37%)

    By 5:00 in all: 6 mex · 7 wind

  3. 3

    5:00 to 10:00

    Economy
    • Metal Extractor1Mex
    • Wind Turbine14Wind
    Builders
    • Construction Turret2 Con turret
    Army
    • Sentry1 Sentry

    Some games also: energy storage (46%) · blitz (39%) · rocketeer (39%) · pawn (36%) · Lazarus (35%)

    By 10:00 in all: 7 mex · 25 wind · 1 energy storage · 3 con turret

    The example game in this phase · 148 steps
    1. BlitzBlitz
    2. Wind
    3. Mexfor Suicide front
    4. BeaverBeaver
    5. Wind
    6. SentrySentry
    7. BeaverBeaver
    8. Energy storage
    9. BlitzBlitz ×2
    10. Con turret
    11. BlitzBlitz
    12. Con turret
    13. BlitzBlitz ×2
    14. Construction VehicleCon vehicle
    15. Wind ×3
    16. Tidalfor Geo
    17. BlitzBlitz
    18. Wind ×2
    19. BlitzBlitz
    20. Wind ×2
    21. BlitzBlitz
    22. Wind ×2
    23. Converter
    24. Wind
    25. BlitzBlitz
    26. Converter ×2
    27. Wind ×2
    28. BlitzBlitz
    29. Tidalfor Geo
    30. Converter
    31. Wind
    32. BlitzBlitz
    33. Converter
    34. BlitzBlitz
    35. Wind
    36. Converter
    37. Wind
    38. NettleNettle
    39. BlitzBlitz
    40. Tidalfor Geo
    41. Converter
    42. NettleNettle
    43. Converter
    44. BlitzBlitz
    45. Wind
    46. BlitzBlitz
    47. Wind
    48. Tidal
    49. BlitzBlitz ×2
    50. Wind
    51. BlitzBlitz
    52. Wind
    53. Energy storagefor Geo
    54. Wind
    55. BlitzBlitz
    56. Tidal
    57. Converter
    58. Wind
    59. BlitzBlitz
    60. Wind
    61. Tidal
    62. Wind
    63. BlitzBlitz
    64. Wind
    65. Converter
    66. Wind ×2
    67. Tidal
    68. Metal storage
    69. Con turret
    70. Wind ×2
    71. Tidal
    72. Converter
    73. Wind ×2
    74. Mex
    75. Wind
    76. Tidal
    77. Energy storage
    78. Wind ×3
    79. Tidal
    80. Wind ×7
    81. Converter
    82. Wind
    83. Radar TowerRadar Tower
    84. Tidal
    85. Wind ×6
    86. Tidal
    87. Wind ×3
    88. Con turret
    89. Twilight
    90. Converter
    91. Tidal
    92. Wind ×2
    93. Advanced Metal ExtractorT2 mexdone 12:52
    94. Tidal
    95. Wind ×2
    96. Converter
    97. Wind
    98. Tidal
    99. Wind
    100. Advanced Metal ExtractorT2 mex
    101. Con turret
    102. Wind ×2
    103. Tidal
    104. Con turret
    105. Converter
    106. Wind
    107. Tidal
    108. Wind
    109. Advanced Metal ExtractorT2 mex
    110. Wind ×2
    111. Tidal
    112. Vehicle PlantVehicle Plantdone 13:47
    113. Wind
    114. Converter
    115. Wind
    116. Energy storagefor Beach sea
    117. Tidal
    118. Construction VehicleCon vehicle
    119. Wind
    120. Advanced Metal ExtractorT2 mex
    121. Construction VehicleCon vehicle
    122. Wind
    123. Construction VehicleCon vehicle
    124. Converter
    125. Tidal
    126. Wind
    127. RoverScout ×2
    128. Wind
    129. BlitzBlitz ×2
    130. Wind
    131. BlitzBlitz
    132. Converter
    133. BlitzBlitz
    134. Tidal
    135. BlitzBlitz ×3
    136. Wind
    137. Con turret
    138. BlitzBlitz
    139. Wind
    140. BlitzBlitz
    141. Wind
    142. BlitzBlitz
    143. Tidal
    144. Construction VehicleCon vehicle
    145. Wind
    146. Converter
    147. Advanced Metal ExtractorT2 mex
    148. Wind ×2

Counts are medians over the build's games: half of them build more, half fewer. The example game is armjanus's (40 OS, 22/09/2026); pick another.

Team trades

IN AT LEAST 30% OF ITS GAMES

You hand over

Nothing regular.

You get

  • Tidal Generator4 Tidal from Pondfirst at 0:18 · in 68% of games
  • Advanced Construction Bot1 T2 con bot from Geo or Techfirst at 7:17 · in 67% of games

How it plays out

Typical game of this build, running totals by minute

Metal produced

010k20k30k
0:005:0010:0015:00

metal

Enemy metal destroyed

05k10k
0:005:0010:0015:00

metal

Own metal lost

05k10k
0:005:0010:0015:00

metal

1063 games.

Show as table
ByMetal produced: This buildEnemy metal destroyed: This buildOwn metal lost: This build
1:0033300
2:008462131
3:001624140105
4:002712540333
5:0038681188813
6:00507620991526
7:00631429842459
8:00766238713365
9:00908746324312
10:001066653085060
11:001260858195701
12:001481563136521
13:001744069817256
14:002018375848093
15:002263083948939
WHAT THE NUMBERS SAY

Standard Front play wins more often than suicide front and produces more metal by 15:00, reflecting its safer positioning.

  • + Metal produced reaches 22219 by 15:00, above suicide front's 19882
  • + Own losses of 8949 stay under enemy metal destroyed's near-equal 8347
  • − First unit lost by 1:44 shows exposure even from the safer side
  • − Wider gap to defend demands disciplined coast-then-mid unit movement
THE EXAMPLE YOU ARE READING

armjanus

40.1 OS · 22/09/2026

Open source match ↗

5 received units · includes a constructor
193 metal received · 25176 energy received

Allied construction assistance is unknown. Timings are observations, not a promise of solo reproducibility.

Typical milestones

Bot Lab0:45Middle 50%: 0:35–8:30 · n=670
Vehicle Plant0:47Middle 50%: 0:37–0:59 · n=753
Advanced Metal Extractor8:52Middle 50%: 8:00–10:03 · n=845

Played most by

Hummell91games of this buildhaaven82games of this buildLeohvm79games of this buildXad62games of this buildImmort36games of this build